 Dungeon Crawl Stone Soup version 0.29.1-2-gbd0b4ee654 (webtiles) character file.

Game seed: 378056733668360662

5670 Firos the Spear-Bearer (level 10, -30/86 HPs)
             Began as a Hill Orc Monk on Nov 7, 2022.
             Annihilated by a white ugly thing (31 damage)
             ... on level 9 of the Dungeon.
             The game lasted 00:24:41 (11615 turns).

Firos the Spear-Bearer (Hill Orc Monk)             Turns: 11615, Time: 00:24:42

Health: -30/86     AC: 15    Str: 19    XL:     10   Next: 75%
Magic:  10/10      EV: 10    Int: 16    God:
Gold:   618        SH:  0    Dex: 13    Spells: 9/9 levels left

rFire   . . .      SeeInvis .   p - +0 halberd
rCold   . . .      Faith    .   (shield currently unavailable)
rNeg    . . .      Spirit   .   e - +0 scale mail
rPois   .          Reflect  .   a - +1 helmet
rElec   .          Harm     .   f - +0 cloak
rCorr   .          Rampage  .   k - +0 pair of gloves
Will    .....                   i - +0 pair of boots
Stlth   ..........              (no amulet)
HPRegen 0.24/turn               d - +6 ring of intelligence
MPRegen 0.12/turn               (no ring)

@: about to teleport
A: no striking features
a: no special abilities


You were on level 9 of the Dungeon.
You visited 3 branches of the dungeon, and saw 11 of its levels.

You collected 832 gold pieces.
You spent 214 gold pieces at shops.

Inventory:

Hand Weapons
 p - a +0 halberd (weapon)
 r - a +0 spear
Armour
 a - a +1 helmet (worn)
 e - a +0 scale mail (worn)
 f - a +0 cloak (worn)
 i - a +0 pair of boots (worn)
 k - a +0 pair of gloves (worn)
 n - a +0 buckler
 y - +0 steam dragon scales
Jewellery
 d - a +6 ring of intelligence (left hand)
Wands
 b - a wand of mindburst (1)
 o - a wand of light (8)
Scrolls
 j - a scroll of vulnerability
 l - a scroll of silence
 s - 3 scrolls of teleportation
 u - a scroll of fear {unknown}
 w - a scroll of amnesia
 x - 2 scrolls of enchant armour
 z - 2 scrolls of magic mapping
 B - a scroll of enchant weapon
Potions
 c - 4 potions of ambrosia
 g - a potion of resistance
 h - a potion of haste
 m - a potion of heal wounds
 q - a potion of berserk rage
 t - 3 potions of flight


   Skills:
 + Level 7.4 Fighting
 * Level 13.7 Polearms
 * Level 8.9 Armour
 - Level 2.4 Dodging
 - Level 1.5 Stealth
 - Level 0.2 Evocations


You had 9 spell levels left.
You didn't know any spells.
Your spell library contained the following spells:

 Spells                   Type           Power      Damage    Failure   Level
 Foxfire                  Conj/Fire      0%         2x1d4     54%         1
 Magic Dart               Conj           0%         1d3       54%         1
 Sandblast                Erth           0%         2d4       54%         1
 Call Imp                 Summ           0%         N/A       67%         2
 Passwall                 Tmut/Erth      0%         N/A       67%         2
 Call Canine Familiar     Summ           0%         N/A       88%         3
 Conjure Flame            Conj/Fire      0%         6-21      88%         3
 Inner Flame              Hex/Fire       0%         N/A       88%         3
 Mephitic Cloud           Conj/Pois/Air  0%         N/A       88%         3
 Ozocubu's Armour         Ice            0%         N/A       88%         3
 Portal Projectile        Hex/Tloc       0%         N/A       88%         3
 Stone Arrow              Conj/Erth      0%         3d7       88%         3
 Flame Wave               Conj/Fire      0%         2d4       99%         4
 Hailstorm                Conj/Ice       0%         3d3       99%         4
 Ice Form                 Ice/Tmut       0%         N/A       99%         4
 Leda's Liquefaction      Hex/Erth       0%         N/A       99%         4
 Metabolic Englaciation   Hex/Ice        0%         N/A       100%        5
 Simulacrum               Ice/Necr       0%         N/A       100%        6
 Shatter                  Erth           0%         3d5*      100%        9


Dungeon Overview and Level Annotations

Branches:
Dungeon (9/15)             Temple (1/1) D:6            Lair (1/5) D:8
    Orc: D:9-12

Altars:
Ashenzari
Cheibriados
Dithmenos
Elyvilon
Fedhas
Gozag
Hepliaklqana
Kikubaaqudgha
Makhleb
Nemelex Xobeh
Okawaru
Qazlal
Ru
Trog
Uskayaw
Vehumet
Wu Jian
Xom
Yredelemnul
Zin
The Shining One

Shops:
D:5 ?   D:8 [


Message History

The two-headed ogre hits you with a +0 giant club!
The two-headed ogre hits you with a +0 dire flail!
* * * LOW HITPOINT WARNING * * *
You hit the two-headed ogre.
The two-headed ogre is severely wounded.
The two-headed ogre hits you with a +0 giant club!
* * * LOW HITPOINT WARNING * * *
The two-headed ogre misses you.
You puncture the two-headed ogre!
The two-headed ogre is almost dead.
You puncture the two-headed ogre!
You kill the two-headed ogre!
You start resting.
HP restored.
Things that are here:
a +0 giant club; a +0 dire flail; a two-headed ogre skeleton
Things that are here:
a +0 giant club; a +0 dire flail; a two-headed ogre skeleton
Items here: ))) [[[.
The white ugly thing gurgles horribly!
You closely miss the white ugly thing.
The white ugly thing closely misses you.
You closely miss the white ugly thing.
The white ugly thing tentacle-slaps you!
The white ugly thing freezes you!
You closely miss the white ugly thing.
The white ugly thing tentacle-slaps you.
The white ugly thing freezes you!!
The white ugly thing attacks as you move away!
The white ugly thing tentacle-slaps you.
The white ugly thing freezes you!
* * * LOW HITPOINT WARNING * * *
As you read the scroll of teleportation, it crumbles to dust.
You feel strangely unstable.
The white ugly thing closely misses you.
The white ugly thing attacks as you move away!
The white ugly thing tentacle-slaps you!
* * * LOW HITPOINT WARNING * * *
The white ugly thing freezes you!!
You die...

#.###..#.## #.#....~~~~.~.#
#.....##.# #.####.~~.~.~P.
#..#####. #.# #..~~~~.♣. ####..#
#.. #.# #.~.≈≈~~.. .....## #.###
#.####.~~~≈~P.# .....### ...#
#.##...~~~~~~♣#
.......#######.####......~..~~~.
....##...u..##.......#...~~~~~P.
###.#######...##@..#.#...P~~~..#
#.# ###.##u#.#.#....P..... #.#
#.##.#.............. ..#
#....#.........#.##. .#
#...............####...# .
..####....#....## #...
...####...... ....# .._.... ###>
≈.≈.#.


You could see a white ugly thing.

Vanquished Creatures
  2 two-headed ogres
  Pikel (D:5)
  Maurice (D:8)
  A hornet (D:9)
  Sigmund (D:7)
  A wyvern (D:9)
  A basilisk (D:6)
  A steam dragon (D:7)
  A water moccasin (D:8)
  3 sky beasts
  A black bear (D:5)
  2 ice beasts
  An orc warrior (D:7)
  3 ogres
  A centaur (D:6)
  2 bullfrogs (D:6)
  5 scorpions
  A necrophage (D:5)
  5 wights (D:8)
  5 killer bees (D:8)
  A howler monkey (D:8)
  A crimson imp (D:4)
  3 jellies
  A gnoll bouda (D:6)
  6 hounds
  5 iguanas
  5 orc wizards
  Robin (D:2)
  11 gnolls
  8 adders
  3 shadow imps
  A white imp (D:8)
  An ufetubus (D:5)
  4 worms
  4 dart slugs
  17 orcs
  10 endoplasms
  4 giant cockroaches
  11 hobgoblins
  5 jackals
  6 kobolds
  6 quokkas
  4 ball pythons
  8 bats
  3 frilled lizards
  16 goblins
  5 rats
189 creatures vanquished.

Vanquished Creatures (others)
  An orc wizard (D:9)
  4 plants (D:9)
5 creatures vanquished.

Grand Total: 194 creatures vanquished

Notes
Turn   | Place    | Note
-------+----------+-------------------------------------------
     0 | D:1      | Firos the Hill Orc Monk began the quest for the Orb.
     0 | D:1      | Reached XP level 1. HP: 19/19 MP: 1/1
   105 | D:1      | Reached XP level 2. HP: 24/27 MP: 2/2
   387 | D:1      | Reached skill level 4 in Polearms
   700 | D:1      | Reached XP level 3. HP: 33/33 MP: 3/3
   740 | D:1      | Reached skill level 1 in Armour
   868 | D:2      | Noticed Robin
  1088 | D:2      | Killed Robin
  1098 | D:2      | Reached XP level 4. HP: 25/40 MP: 4/4
  1539 | D:2      | Found a faded altar of an unknown god.
  2031 | D:3      | Reached skill level 5 in Polearms
  2109 | D:3      | Reached XP level 5. HP: 34/46 MP: 5/5
  2881 | D:3      | Found a broken altar of Ashenzari.
  3371 | D:4      | Found a glowing golden altar of the Shining One.
  3716 | D:4      | Found a shimmering altar of Xom.
  3717 | D:4      | Found a hazy altar of Hepliaklqana.
  3718 | D:4      | Noticed a spectral ugly thing
  3887 | D:4      | Reached XP level 6. HP: 52/52 MP: 6/6
  3950 | D:4      | Found a burning altar of Makhleb.
  3950 | D:4      | Found a radiant altar of Vehumet.
  3962 | D:4      | Reached skill level 6 in Polearms
  4189 | D:5      | Entered Level 5 of the Dungeon
  4189 | D:5      | Found Gouhatoz's Magic Scroll Shoppe.
  4565 | D:5      | Found a snail-covered altar of Cheibriados.
  4576 | D:5      | Noticed Pikel
  4603 | D:5      | Killed Pikel
  4604 | D:5      | Reached skill level 7 in Polearms
  4604 | D:5      | Reached skill level 5 in Armour
  4604 | D:5      | Reached XP level 7. HP: 41/60 MP: 7/7
  4607 | D:5      | Reached XP level 8. HP: 47/67 MP: 8/8
  4829 | D:5      | Reached skill level 8 in Polearms
  5678 | D:5      | Reached skill level 5 in Fighting
  5678 | D:5      | Reached skill level 9 in Polearms
  6057 | D:6      | Found a staircase to the Ecumenical Temple.
  6079 | Temple   | Entered the Ecumenical Temple
  6225 | D:6      | Found a blossoming altar of Fedhas.
  6264 | D:6      | Reached XP level 9. HP: 42/74 MP: 9/9
  6553 | D:6      | Reached skill level 10 in Polearms
  7020 | D:6      | Found a white marble altar of Elyvilon.
  7078 | D:6      | Found a shadowy altar of Dithmenos.
  7507 | D:6      | Found a sacrificial altar of Ru.
  7544 | D:6      | Reached skill level 11 in Polearms
  7864 | D:5      | Bought a scroll of amnesia for 52 gold pieces
  7864 | D:5      | Bought a scroll of teleportation for 39 gold pieces
  7864 | D:5      | Bought a scroll of enchant armour for 97 gold pieces
  7864 | D:5      | Bought a scroll of identify for 26 gold pieces
  8108 | D:7      | Found a stormy altar of Qazlal.
  8568 | D:7      | Noticed Sigmund
  8583 | D:7      | Killed Sigmund
  8896 | D:8      | Found a basalt altar of Yredelemnul.
  8937 | D:8      | Noticed a two-headed ogre
  8953 | D:8      | Killed a two-headed ogre
  8954 | D:8      | Reached skill level 12 in Polearms
  8954 | D:8      | Reached XP level 10. HP: 33/84 MP: 10/10
  9201 | D:8      | Found a large runed translucent door.
  9202 | D:8      | Found a large runed translucent door.
  9229 | D:8      | Got the Compendium of Grounded Toxicity
  9254 | D:8      | Found a staircase to the Lair.
  9285 | D:8      | Noticed Maurice
  9677 | D:8      | Killed Maurice
  9678 | D:8      | Reached skill level 13 in Polearms
 10133 | D:8      | Found a sparkling altar of Nemelex Xobeh.
 10136 | D:8      | Found a bloodstained altar of Trog.
 10342 | D:8      | Found Lutydit's Armour Shoppe.
 10470 | Lair:1   | Entered Level 1 of the Lair of Beasts
 10498 | Lair:1   | Noticed a four-headed hydra
 10499 | Lair:1   | Noticed an eight-headed hydra
 10545 | D:9      | Paralysed by a hornet for 3 turns
 10556 | D:9      | Paralysed by a hornet for 1 turns
 10917 | D:9      | Found a broken altar of Ashenzari.
 10917 | D:9      | Noticed a white ugly thing
 11227 | D:9      | Found a bloodstained altar of Trog.
 11228 | D:9      | Noticed a two-headed ogre
 11241 | D:9      | Killed a two-headed ogre
 11615 | D:9      | HP: 1/86 [white ugly thing (12)]
 11615 | D:9      | Annihilated by a white ugly thing

Illustrated notes

Levels and vault maps discovered:
D:1:      dpeg_arrival_tiny_f, layout_loops_ring
D:2:      layout_loops_ring, dreamdust_ecumenical_altar_angels_and_demons,
          grunt_ministairs_1, uniq_robin
D:3:      layout_basic, mainiacjoe_overflow_24_doors
D:4:      layout_loops_cross, regret_index_temple_of_mockery,
          kennysheep_little_box, grunt_temple_overflow_lords_of_destruction
D:5:      layout_basic, mainiacjoe_overflow_chevrons, serial_shops,
          nicolae_take_the_stairs, uniq_pikel
D:6:      minmay_general_purpose_star, layout_loops_ring,
          nicolae_elyvilon_peaceful_grove, mainiacjoe_overflow_small_starburst,
          fedhas_ov_isle_minmay, mainiacjoe_overflow_brackets,
          minmay_temple_entry_grid, kb_lookout_dungeons_type
D:7:      layout_loops_ring, amcnicky_altar_gilded, serial_bayou_pond_d,
          sigmund_army
D:8:      layout_basic, yredelemnul_altar_generic, jmf_multi_god_temple2,
          lair_entry_dummy, serial_shops, shop, uniq_maurice
D:9:      layout_rooms, serial_bayou_pond_b, hangedman_feature_mirror
Temple:   nicolae_temple_ecumenical_triangle
Lair:1:   layout_misc_corridors, grunt_megastairs_5, infiniplex_staircase_pool

Skill      XL: |  1  2  3  4  5  6  7  8  9 10 |
---------------+-------------------------------+-----
Polearms       | 4 5 7 9 12 13 | 13.7
Armour         | 1 2 3 5 7 8 |  8.9
Fighting       | 4 5 6 7 |  7.4
Dodging        | |  2.4
Stealth        | |  1.5
Evocations     | |  0.2

Action                   |  1- 3 |  4- 6 |  7- 9 | 10-12 || total
-------------------------+-------+-------+-------+-------++-------
Melee: Spear             |   128 |   318 |       |       ||   446
       Punch             |     1 |       |       |       ||     1
       Halberd           |       |    17 |   333 |   173 ||   523
Evoke: Wand              |       |     2 |     1 |     2 ||     5
  Use: Scroll            |     3 |    10 |     5 |     3 ||    21
       Potion            |     2 |       |     5 |     7 ||    14
 Stab: Invisible         |       |     1 |     1 |     1 ||     3
Armor: Scale mail        |    44 |    99 |   137 |    61 ||   341
       Skin              |       |       |    11 |    20 ||    31
Dodge: Dodged            |    55 |   125 |   145 |    61 ||   386
